 Dungeon Crawl Stone Soup version 0.24.1-14-gf8d2b509d9 (console) character file.

Game seed: 2462385644110212075, levelgen mode: deterministic

158 Kagalorn the Skirmisher (level 5, -7/47 HPs)
             Began as a Minotaur Wanderer on Mar 5, 2021.
             Was an Initiate of Cheibriados.
             Mangled by an ogre
             ... wielding a +0 giant club
              (24 damage)
             ... on level 4 of the Dungeon.
             The game lasted 00:04:17 (1646 turns).

Kagalorn the Skirmisher (Minotaur Wanderer)         Turns: 1646, Time: 00:04:18

Health: -7/47      AC:  5    Str: 17    XL:     5   Next: 16%
Magic:  5/5        EV: 11    Int: 13    God:    Cheibriados [......]
Gold:   110        SH:  0    Dex:  9    Spells: 4/4 levels left

rFire    . . .     SeeInvis .   a - +0 hand axe
rCold    . . .     Gourm    .   (no shield)
rNeg     . . .     Faith    .   e - +0 ring mail
rPois    .         Spirit   .   (helmet restricted)
rElec    .         Reflect  .   (no cloak)
rCorr    .         Harm     .   (no gloves)
MR       .....                  (no boots)
Stlth    +.........             (no amulet)
HPRegen  0.15/turn              (no ring)
MPRegen  0.09/turn              (no ring)

@: very slow
A: retaliatory headbutt, horns 2
a: Bend Time, Renounce Religion


You were on level 4 of the Dungeon.
You worshipped Cheibriados.
Cheibriados was noncommittal.
You were not hungry.

You visited 1 branch of the dungeon, and saw 3 of its levels.
You also visited: Sewer.

You collected 110 gold pieces.

Inventory:

Hand Weapons
 a - a +0 hand axe (weapon)
 b - a +0 hand crossbow
 i - a +0 dagger
Missiles
 d - 23 bolts
 s - 5 stones (quivered)
Armour
 e - a +0 ring mail (worn)
Wands
 r - a wand of digging (5)
Scrolls
 n - a scroll of remove curse
Potions
 f - 2 potions of heal wounds
 k - 2 potions of invisibility {unknown}
 m - a potion of mutation {unknown}
 o - a potion of brilliance
 p - 2 potions of curing
Comestibles
 g - a ration
 h - 2 chunks of flesh


   Skills:
 + Level 4.6 Fighting
 * Level 2.7 Axes
 + Level 3.2 Armour
 + Level 2.4 Dodging
 - Level 1.5 Stealth
 - Level 2.1 Unarmed Combat
 - Level 1.7 Evocations


You had 4 spell levels left.
You didn't know any spells.
Your spell library was empty.

Dungeon Overview and Level Annotations

Branches:
Dungeon (2/15)             Temple (0/1) D:4           Sewer (visited)

Altars:
Cheibriados
Kikubaaqudgha


Innate Abilities, Weirdness & Mutations

You reflexively headbutt those who attack you in melee.
You have a pair of horns on your head.


Message History

You hear the ringing of an enormous bell.
It was a scroll of random uselessness.
An orc comes into view.
It is wielding a +1 flail of protection.
The ogre completely misses you.
As you read the scroll labeled REMETHR KERI KUITT, it crumbles to dust.
The scroll dissolves into smoke.
It was a scroll of fog.
The orc shouts!
The ogre hits you with a +0 giant club.
As you read the scroll labeled BIMUYMIUDA, it crumbles to dust.
The creatures around you are filled with an inner flame!
It was a scroll of immolation.
The ogre closely misses you.
As you read the scroll labeled KOUMIRE ZUMME, it crumbles to dust.
You feel aware of your surroundings.
You sensed 1 altar.
It was a scroll of magic mapping.
The ogre misses you.
You enter the shallow water.
Moving in this stuff is going to be slow.
The ogre hits you with a +0 giant club!!
Ouch! That really hurt!
You die...

*,* ******#...oo......,,*
*,* *,* #..........,*,* **,
*,* #.##≈≈O≈≈#*,#,* ** *,*
#.##≈≈≈≈≈##.#.***** *,*
#§≈≈§§§§.≈≈...,,,,, *,*
#.§§§§§§.≈≈..#,****
#.##########.§§§.o§§.≈a.#*,*
#...........≈≈§§§§§§≈≈.##*,*
############.@O§§§§§≈≈.#**,*
* #.##§≈.≈≈##.#*,,* *
#.##≈≈.≈≈#*,.^*,***
#..........,,.,,,,,
#.##.#......,**,**,
#.##.##.####.**,**,
#.##.#*.# **,,,,,,,
#.*#.#*,#**,,,,,,,,
*,,,,,,,,,,,,,,,,,,


You could see an ogre (inner flame).

Vanquished Creatures
  Purgy (Sewer)
  An adder (D:2)
  4 dart slugs
  A leopard gecko (D:1)
  2 ball pythons
  3 giant cockroaches
  8 goblins
  4 hobgoblins (D:1)
  2 jackals (D:2)
  2 quokkas (D:2)
  6 bats
  7 frilled lizards (D:1)
  6 kobolds
  A rat (D:1)
48 creatures vanquished.

Notes
Turn   | Place    | Note
-------+----------+-------------------------------------------
     0 | D:1      | Kagalorn the Minotaur Wanderer began the quest for the Orb.
     0 | D:1      | Kagalorn set off with the following items: a +0 hand
                  | crossbow, a potion of heal wounds, a scroll of fear, 23
                  | bolts, a +0 ring mail, a +0 dagger, a ration
     0 | D:1      | Reached XP level 1. HP: 19/19 MP: 1/1
   130 | D:1      | Reached XP level 2. HP: 27/27 MP: 2/2
   155 | D:1      | Reached skill level 1 in Dodging
   221 | D:1      | Reached skill level 4 in Fighting
   497 | D:1      | Reached XP level 3. HP: 30/33 MP: 3/3
   980 | D:2      | Reached skill level 1 in Axes
  1054 | D:2      | Found an ancient bone altar of Kikubaaqudgha.
  1253 | D:2      | Found a snail-covered altar of Cheibriados.
  1265 | D:2      | Became a worshipper of Cheibriados the Contemplative
  1273 | D:2      | You fall into a shaft and drop 2 floors!
  1280 | D:4      | Found a glowing drain.
  1284 | D:4      | Noticed an ogre
  1286 | D:4      | Noticed an ogre
  1291 | Sewer    | Entered a sewer
  1411 | Sewer    | Noticed Purgy
  1423 | Sewer    | Killed Purgy
  1423 | Sewer    | Reached XP level 4. HP: 10/41 MP: 4/4
  1423 | Sewer    | Reached XP level 5. HP: 11/47 MP: 5/5
  1646 | D:4      | Mangled by an ogre

Levels and vault maps discovered:
D:1:      dpeg_arrival_tiny_a, layout_basic, minmay_pentomino_r4
D:2:      layout_basic, kiku_gazebo_pond_becter, old_standard_altar
D:4:      layout_loops_ring, lemuel_doored_altar, minmay_temple_entry_waves,
          cheibrodos_sewer_entry_sluice, first_ration

Skill      XL: |  1  2  3 |
---------------+----------+-----
Dodging        | 1 2 |  2.4
Armour         | 2 3 |  3.2
Fighting       | 4 |  4.6
Axes           | 2 |  2.7
Stealth        | |  1.5
Unarmed Combat | |  2.1
Evocations     | |  1.7

Action                   |  1- 3 |  4- 6 || total
-------------------------+-------+-------++-------
Melee: Dagger            |    60 |       ||    60
       Headbutt          |    23 |     3 ||    26
       Hand axe          |    52 |    14 ||    66
       Punch             |     2 |       ||     2
  Use: Scroll            |     4 |     5 ||     9
       Potion            |     1 |       ||     1
  Eat: Ration            |       |     1 ||     1
Armor: Ring mail         |    48 |     6 ||    54
Dodge: Dodged            |    93 |    12 ||   105
